 Dungeon Crawl Stone Soup version 0.28.0-43-g3370ac3207 (webtiles) character file.

Game seed: 8067703392134719044

45 sizableburger the Chopper (level 3, 0/26 HPs)
             Began as an Octopode Gladiator on Mar 11, 2022.
             Slain by an orc
             ... wielding a +0 whip
              (5 damage)
             ... on level 3 of the Dungeon.
             The game lasted 00:01:33 (1432 turns).

sizableburger the Chopper (Octopode Gladiator)      Turns: 1432, Time: 00:01:34

Health: 0/26       AC:  1    Str: 13    XL:     3   Next: 64%
Magic:  3/3        EV: 14    Int: 10    God:
Gold:   91         SH:  0    Dex: 15    Spells: 2/2 levels left

rFire   . . .      SeeInvis .   a - +0 war axe
rCold   . . .      Faith    .   (no shield)
rNeg    . . .      Spirit   .   b - +0 hat
rPois   .          Reflect  .   (no amulet)
rElec   .          Harm     .   (no ring)
rCorr   .          Rampage  .   (no ring)
Will    .....                   (no ring)
Stlth   ++........              (no ring)
HPRegen 0.08/turn               (no ring)
MPRegen 0.08/turn               (no ring)
                                (no ring)
                                (no ring)

@: attractive
A: almost no armour, amphibious, 8 rings, camouflage 1, gelatinous body 1,
(nimble swimmer 1), tentacles
a: no special abilities


You were on level 3 of the Dungeon.
You visited 1 branch of the dungeon, and saw 3 of its levels.

You collected 91 gold pieces.

Inventory:

Hand Weapons
 a - a +0 war axe (weapon)
Missiles
 c - 3 throwing nets (quivered)
Armour
 b - a +0 hat (worn)
Scrolls
 e - a scroll of holy word {unknown}
 f - a scroll of vulnerability {unknown}
 g - a scroll of brand weapon {unknown}


   Skills:
 + Level 3.1 Fighting
 + Level 3.8 Axes
 - Level 2.0 Throwing
 - Level 3.0 Dodging


You had 2 spell levels left.
You didn't know any spells.
Your spell library was empty.

Dungeon Overview and Level Annotations

Branches:
Dungeon (3/15)

Altars:


Innate Abilities, Weirdness & Mutations

You cannot wear most types of armour.
You are amphibious.
You can wear up to eight rings at the same time.
Your skin changes colour to match your surroundings (Stealth+).
Your rubbery body absorbs attacks. (AC +1, EV +1)
((You are camouflaged when in or above water. (Stealth+)))
You have tentacles for arms and can constrict up to eight enemies at once.


Message History

The endoplasm barely misses you.
You slash the endoplasm!
You kill the endoplasm!
No target in view!
You now have 91 gold pieces (gained 15).
Things that are here:
a +0 robe; a +0 robe A scorpion comes into view.
Okay, then.
There is a stone staircase leading down here.
You climb downwards.
Found 13 gold pieces and 3 poisoned darts.
Found a stone staircase leading down.
There is a stone staircase leading up here.
The helpless orc fails to defend itself.
You slash the orc!
You kill the orc!
The helpless orc fails to defend itself.
You hit the orc. You grab the orc. You squeeze the orc.
The orc is moderately wounded.
You constrict the orc.
The orc shouts!
The orc priest shouts!
The orc misses you.
You hit the orc.
You kill the orc!
The orc priest hits you with a +0 dagger.
You barely miss the orc priest. You grab the orc priest. You hit the orc.
You constrict the orc priest. The orc closely misses you.
The orc priest mumbles some strange prayers to Beogh against you.
Beogh smites you!
Ouch! That really hurt!
The orc hits you with a +0 whip.
* * * LOW HITPOINT WARNING * * *
It was a potion of attraction.
You feel attractive to monsters.
You constrict the orc priest.
The orc priest hits you with a +0 dagger.
* * * LOW HITPOINT WARNING * * *
The orc hits you with a +0 whip.
You die...

.# #.#.# #.#.#
#.#.#
#######.#.#
...>.....####
#####.)........
......o@...#
......o)<.$#
...........#
...........#
####......##
........#
#.#......#
#+#......#
..(....#


You could see an orc priest and an orc.

Vanquished Creatures
  An adder (D:2)
  A dart slug (D:1)
  2 orcs (D:3)
  3 bats (D:1)
  5 endoplasms
  2 giant cockroaches (D:2)
  2 goblins (D:1)
  A hobgoblin (D:1)
  3 jackals (D:1)
  A kobold (D:1)
  A quokka (D:1)
  2 ball pythons
  A frilled lizard (D:1)
  3 rats
28 creatures vanquished.

Notes
Turn   | Place    | Note
-------+----------+-------------------------------------------
     0 | D:1      | sizableburger the Octopode Gladiator began the quest for
                  | the Orb.
     0 | D:1      | Reached XP level 1. HP: 14/14 MP: 1/1
   246 | D:1      | Reached XP level 2. HP: 17/20 MP: 2/2
   792 | D:1      | Reached XP level 3. HP: 25/25 MP: 3/3
  1415 | D:2      | Noticed a scorpion
  1432 | D:3      | Slain by an orc

Illustrated notes

Levels and vault maps discovered:
D:1:      dpeg_arrival_arbitrary_b, layout_loops_ring, minmay_pentomino_v4
D:2:      layout_rooms, basic_altar, uniq_natasha
D:3:      layout_basic, serial_shops, nicolae_lakefront_shop, st_stairs_13,
          kennysheep_generic_room_8

Skill      XL: |  1  2  3 |
---------------+----------+-----
Fighting       | 3 |  3.1
Axes           | |  3.8
Throwing       | |  2.0
Dodging        | |  3.0

Action                   || total
-------------------------++-------
Melee: War axe           ||    50
       Constrict         ||    11
       Tentacles         ||     7
  Use: Potion            ||     1
 Stab: Sleeping          ||     9
Armor: Skin              ||     5
Dodge: Dodged            ||    36
